 Dungeon Crawl Stone Soup version 0.21-a0-401-g0b6bec4 (webtiles) character file.

499 dolbystereo the Cudgeler (level 6, 0/62 HPs)
             Began as a Troll Berserker on Oct 25, 2017.
             Was a Priest of Trog.
             Shot with an arrow by a centaur (9 damage)
             ... on level 5 of the Dungeon.
             The game lasted 00:32:12 (2442 turns).

dolbystereo the Cudgeler (Troll Berserker)          Turns: 2442, Time: 00:32:13

Health: 0/62       AC:  5    Str: 28    XL:     6   Next: 94%
Magic:  5/5        EV: 11    Int:  3    God:    Trog [***...]
Gold:   198        SH:  0    Dex:  9    Spells: 5/5 levels left

rFire    . . .     SeeInvis .   a - +0 mace
rCold    . . .     Gourm    +   (no shield)
rNeg     . . .     Faith    .   b - +0 animal skin
rPois    .         Spirit   .   (helmet restricted)
rElec    .         Reflect  .   (no cloak)
rCorr    .         Harm     .   (gloves unavailable)
MR       .....                  (boots unavailable)
Stlth    +.........             (no amulet)
HPRegen  0.60/turn              (no ring)
MPRegen  0.09/turn              (no ring)

@: lethally poisoned (0 -> 0)
A: unfitting armour, claws 3, fast metabolism 3, gourmand, regeneration 1,
shaggy fur 1, tough skin 2
a: Berserk, Trog's Hand, Burn Spellbooks, Renounce Religion


You were on level 5 of the Dungeon.
You worshipped Trog.
Trog was most pleased with you.
You were very full.

You visited 1 branch of the dungeon, and saw 5 of its levels.

You collected 198 gold pieces.

Inventory:

Hand Weapons
 a - a +0 mace (weapon)
 d - a +0 club
 j - a +0 club
Armour
 b - a +0 animal skin (worn)
Jewellery
 h - a cursed ring of teleportation {unknown}
 l - a +1 ring of evasion {unknown}
Scrolls
 k - 3 scrolls of recharging
 o - a scroll of identify {unknown}
 p - a scroll of remove curse {unknown}
 q - a scroll of noise {unknown}
Potions
 e - 2 potions of agility {unknown}
 f - a potion of brilliance {unknown}
 g - a potion of cancellation {unknown}
 i - a potion of invisibility {unknown}
 m - 3 potions of curing {unknown}
Comestibles
 c - 2 bread rations
 n - a meat ration
 r - 8 chunks of flesh


   Skills:
 + Level 3.9 Fighting
 * Level 5.3 Maces & Flails
 + Level 3.9 Dodging


You had 5 spell levels left.
You didn't know any spells.

Dungeon Overview and Level Annotations

Branches:
Dungeon (4/15)
 Temple: D:4-7

Altars:
Ashenzari
Cheibriados
Dithmenos
Makhleb
Wu Jian
Xom
The Shining One


Innate Abilities, Weirdness & Mutations

You are too large for most types of armour.
You have claws for hands.
Your metabolism is lightning-fast.
You like to eat raw meat.
Your natural rate of healing is unusually fast.
You are covered in fur. (AC +1)
You have very tough skin. (AC +2)


Message History

Things that are here:
2 tomahawks; 2 arrows You feel the effects of Trog's Hand fading.
The centaur shoots an arrow.
The arrow hits you.
* * * LOW HITPOINT WARNING * * *
You see here an arrow.
You feel sick.
You feel sick.
Your skin stops crawling.
You feel less resistant to hostile enchantments.
The orc hits you but does no damage.
You hit the orc but do no damage.
You feel sick.
You hit the orc.
The orc is heavily wounded.
The orc closely misses you.
You sock the orc!
You kill the orc!
Trog accepts your kill.
You feel sick.
The centaur shoots an arrow.
The arrow hits you!
You die...

.). .. ?. ##.
<>. #+#
.######.##.#@#
....o.l....#)#
##l####c#
#..o((oo#
#..######
......
####..## #...
##.#


You could see a centaur, an orc priest and an orc.

Vanquished Creatures
  Sigmund (D:3)
  A scorpion (D:5)
  An orc priest (D:3)
  An orc wizard (D:4)
  Terence (D:3)
  Robin (D:3)
  4 gnolls
  6 adders
  2 worms (D:3)
  A dart slug (D:2)
  A leopard gecko (D:2)
  12 orcs
  2 ball pythons
  5 giant cockroaches (D:1)
  14 goblins
  15 hobgoblins
  A quokka (D:3)
  3 bats
  4 frilled lizards
  6 kobolds
  2 rats
84 creatures vanquished.

Notes
Turn   | Place    | Note
-------+----------+-------------------------------------------
     0 | D:1      | dolbystereo the Troll Berserker began the quest for the Orb.
     0 | D:1      | Reached XP level 1. HP: 22/22 MP: 0/0
    15 | D:1      | Reached XP level 2. HP: 24/29 MP: 1/1
   127 | D:1      | Reached skill level 3 in Maces & Flails
   423 | D:1      | Reached XP level 3. HP: 35/36 MP: 2/2
   574 | D:1      | Reached ** piety under Trog
  1036 | D:2      | HP: 1/36 [adder (3)]
  1103 | D:2      | Reached XP level 4. HP: 45/45 MP: 3/3
  1150 | D:2      | Found an ornate altar of the Wu Jian Council.
  1155 | D:2      | Found a shimmering altar of Xom.
  1155 | D:2      | Found a burning altar of Makhleb.
  1179 | D:2      | Found a shattered altar of Ashenzari.
  1184 | D:2      | Found a glowing golden altar of the Shining One.
  1354 | D:2      | Found a snail-covered altar of Cheibriados.
  1607 | D:3      | Noticed Sigmund
  1619 | D:3      | Killed Sigmund
  1619 | D:3      | Reached skill level 4 in Maces & Flails
  1619 | D:3      | Reached XP level 5. HP: 25/53 MP: 4/4
  1795 | D:3      | Reached XP level 6. HP: 58/61 MP: 5/5
  1832 | D:3      | Noticed Robin
  1853 | D:3      | Killed Robin
  1942 | D:3      | Reached *** piety under Trog
  1973 | D:3      | Found a shadowy altar of Dithmenos.
  2021 | D:3      | Noticed Terence
  2036 | D:3      | Killed Terence
  2072 | D:3      | Reached skill level 5 in Maces & Flails
  2406 | D:4      | You fall through a shaft!
  2406 | D:5      | Entered Level 5 of the Dungeon
  2442 | D:5      | Shot with an arrow by a centaur

Vault maps used:
D:1:      saegor_arrival_simple_c, minmay_misc_feat_ornament,
          minmay_tetromino_l2
D:2:      minmay_overflow_temple_star_hex, minmay_misc_feat_diagonals,
          kennysheep_slug_shrine
D:3:      lemuel_coloured_pillars_altar, uniq_terence, uniq_sigmund, uniq_robin
D:4:      cheibrodos_helix_gallery, first_bread, minmay_misc_feat_x,
          minmay_door_square
D:5:      basic_altar

Skill      XL: |  1  2  3  4  5  6 |
---------------+-------------------+-----
Maces & Flails | 3 4 5 |  5.3
Fighting       | 3 |  3.9
Dodging        | 3 |  3.9

Action                   |  1- 3 |  4- 6 || total
-------------------------+-------+-------++-------
Melee: Mace              |   127 |   190 ||   317
Invok: Berserk           |     1 |     2 ||     3
       Trog's Hand       |     1 |     1 ||     2
  Use: Scroll            |       |     2 ||     2
 Stab: Sleeping          |     2 |       ||     2
  Eat: Chunk             |     9 |    16 ||    25
       Bread ration      |     1 |       ||     1
       Royal jelly       |     1 |       ||     1
Armor: Animal skin       |    57 |    56 ||   113
Dodge: Dodged            |    89 |   139 ||   228

Table legend:
 A = Spawn XP
 B = Non-spawn XP
 C = Spawn XP percentage of total XP
 D = Spawn monster count
 E = Non-spawn monster count
 F = Spawn count percentage of total count
 G = Total turns spent on level
                    A         B        C        D         E        F      G
               +---------+---------+-------+---------+---------+-------+---------
         Total |       0 |     713 |   0.0 |       0 |      84 |   0.0 |  2442
               +---------+---------+-------+---------+---------+-------+---------
           D:1 |       0 |      55 |   0.0 |       0 |      25 |   0.0 |   981
           D:2 |       0 |      62 |   0.0 |       0 |      14 |   0.0 |   490
           D:3 |       0 |     418 |   0.0 |       0 |      35 |   0.0 |   743
           D:4 |       0 |     108 |   0.0 |       0 |       8 |   0.0 |   192
           D:5 |       0 |      70 |   0.0 |       0 |       2 |   0.0 |    36
               +---------+---------+-------+---------+---------+-------+---------
